 Dungeon Crawl Stone Soup version 0.22.1-2-g9c5b331383 (webtiles) character file.

126 Descartes the Ruffian (level 4, -3/44 HPs)
             Began as a Troll Monk on Dec 23, 2018.
             Slain by a hornet (16 damage)
             ... on level 3 of the Dungeon.
             The game lasted 00:08:17 (2316 turns).

Descartes the Ruffian (Troll Monk)                  Turns: 2316, Time: 00:08:18

Health: -3/44      AC:  5    Str: 19    XL:     4   Next: 84%
Magic:  3/3        EV: 11    Int:  6    God:
Gold:   117        SH:  0    Dex: 13    Spells: 3/3 levels left

rFire    . . .     SeeInvis .     - Unarmed
rCold    . . .     Gourm    +   (no shield)
rNeg     . . .     Faith    .   a - +0 robe
rPois    .         Spirit   .   (helmet restricted)
rElec    .         Reflect  .   (no cloak)
rCorr    .         Harm     .   (gloves unavailable)
MR       .....     Rnd*Tele +   (boots unavailable)
Stlth    ++........             (no amulet)
HPRegen  0.54/turn              j - ring of teleportation (curse)
MPRegen  0.08/turn              (no ring)

@: lethally poisoned (-3 -> -4)
A: large, unfitting armour, claws 3, fast metabolism 3, gourmand, regeneration
1, shaggy fur 1, tough skin 2
a: no special abilities


You were on level 3 of the Dungeon.
You were completely stuffed.

You visited 1 branch of the dungeon, and saw 3 of its levels.

You collected 117 gold pieces.

Inventory:

Missiles
 m - 17 poisoned needles
 q - 17 arrows
Armour
 a - a +0 robe (worn)
Jewellery
 j - a cursed ring of teleportation (left claw)
 o - an uncursed ring of ice {unknown}
 p - a cursed -3 ring of strength {unknown}
Scrolls
 c - 2 scrolls of amnesia {unknown}
 d - 3 scrolls of identify {unknown}
 e - a scroll of remove curse {unknown}
 f - 2 scrolls of enchant armour {unknown}
 h - a scroll of enchant weapon {unknown}
 i - a scroll of teleportation {unknown}
 l - a scroll of blinking {unknown}
 n - a scroll of random uselessness {unknown}
Potions
 g - a potion of agility {unknown}
 r - a potion of might {unknown}
Comestibles
 b - 8 rations
 k - 2 chunks of flesh


   Skills:
 - Level 2.7 Fighting
 + Level 3.2 Dodging
 - Level 1.1 Stealth
 * Level 4.5 Unarmed Combat


You had 3 spell levels left.
You didn't know any spells.
Your spell library was empty.

Dungeon Overview and Level Annotations

Branches:
Dungeon (3/15)

Altars:


Innate Abilities, Weirdness & Mutations

You are too large for most types of armour.
You have claws for hands.
Your metabolism is lightning-fast.
You like to eat raw meat.
Your natural rate of healing is unusually fast.
You are covered in fur. (AC +1)
You have very tough skin. (AC +2)


Message History

You claw the hornet!
The hornet is moderately wounded.
The hornet stings you but does no damage.
You claw the hornet!
The hornet is severely wounded.
The hornet barely misses you. The hornet stings you!
You are poisoned.
You suddenly lose the ability to move!
You feel sick.
The hornet stings you but does no damage.
You feel sick. The hornet stings you!
You feel yourself slow down.
The hornet stings you but does no damage.
You feel yourself speed up.
You feel sick.
The hornet stings you but does no damage.
You can move again.
You barely miss the hornet.
The hornet is heavily wounded.
You feel sick. The hornet stings you!
You die...

##.# #.# .#.# #.# ...#
#.# ...# #.#
...####### #.#
..>....... #.#
.#.###### #.#
.#.#########.#########
.#.#.........#..@y..<#
.#.#.#########.#######
.#.#.# #.# ##.#.# #.#
...#.# #.# ####.# #.#
# #.# #.# #
#.#########.# ##
#...........#


You could see a hornet.

Vanquished Creatures
  Terence (D:3)
  An adder (D:3)
  An ooze (D:1)
  5 worms
  2 dart slugs (D:2)
  4 leopard geckos
  An orc (D:3)
  3 giant cockroaches (D:2)
  4 hobgoblins
  2 quokkas (D:3)
  5 bats
  3 frilled lizards
  9 goblins
  13 kobolds
  13 rats
67 creatures vanquished.

Notes
Turn   | Place    | Note
-------+----------+-------------------------------------------
     0 | D:1      | Descartes the Troll Monk began the quest for the Orb.
     0 | D:1      | Reached XP level 1. HP: 22/22 MP: 0/0
   182 | D:1      | Reached XP level 2. HP: 29/29 MP: 1/1
   930 | D:2      | Reached XP level 3. HP: 31/36 MP: 2/2
  1351 | D:2      | Reached skill level 4 in Unarmed Combat
  1444 | D:2      | Reached XP level 4. HP: 44/44 MP: 3/3
  1722 | D:3      | Noticed Terence
  1734 | D:3      | Killed Terence
  2308 | D:3      | Noticed a hornet
  2312 | D:3      | Paralysed by a hornet for 3 turns
  2316 | D:3      | Slain by a hornet

Skill      XL: |  1  2  3 |
---------------+----------+-----
Dodging        | 3 |  3.2
Unarmed Combat | 4 |  4.5
Fighting       | |  2.7
Stealth        | |  1.1

Action                   |  1- 3 |  4- 6 || total
-------------------------+-------+-------++-------
Melee: Unarmed           |   138 |    57 ||   195
       Punch             |     1 |       ||     1
 Stab: Sleeping          |     4 |     2 ||     6
  Eat: Chunk             |    19 |     8 ||    27
Armor: Robe              |    30 |    27 ||    57
Dodge: Dodged            |    70 |    47 ||   117
